 Dungeon Crawl Stone Soup version 0.27-a0-506-g2188dfaaa0 (webtiles) character file.

Game seed: 6262750546609965202

245 Gaff the Sneak (level 6, 0/41 HPs)
             Began as an Octopode Brigand on Mar 3, 2021.
             Slain by Natasha (7 damage)
             ... on level 3 of the Dungeon.
             The game lasted 00:07:34 (3009 turns).

Gaff the Sneak (Octopode Brigand)                   Turns: 3009, Time: 00:07:35

Health: 0/41       AC:  1    Str: 10    XL:     6   Next: 10%
Magic:  6/6        EV: 13    Int: 14    God:
Gold:   160        SH:  4    Dex: 15    Spells: 5/5 levels left

rFire    . . .     SeeInvis .   a - +2 dagger
rCold    . . .     Faith    .   o - +0 buckler
rNeg     . . .     Spirit   .   (helmet restricted)
rPois    .         Reflect  .   (no amulet)
rElec    .         Harm     .   (no ring)
rCorr    .         Rampage  .   (no ring)
Will     .....                  (no ring)
Stlth    +++++.....             (no ring)
HPRegen  0.13/turn              (no ring)
MPRegen  0.10/turn              (no ring)
                                (no ring)
                                (no ring)

@: brilliant
A: almost no armour, stealthy swim, amphibious, 8 rings, constrict 8, camouflage
1, gelatinous body 1
a: no special abilities


You were on level 3 of the Dungeon.
You visited 1 branch of the dungeon, and saw 5 of its levels.

You collected 160 gold pieces.

Inventory:

Hand Weapons
 a - a +2 dagger (weapon)
 q - a +0 rapier
Missiles
 b - 18 poisoned darts (quivered)
 c - 2 curare-tipped darts
Armour
 k - a +0 buckler
 l - a +0 kite shield
 o - a +0 buckler (worn)
Scrolls
 d - a scroll of fear {unknown}
 e - a scroll of enchant armour {unknown}
 h - a scroll of amnesia {unknown}
 j - a scroll of enchant weapon {unknown}
 n - 3 scrolls of noise {unknown}
 r - a scroll of identify {unknown}
Potions
 f - 2 potions of ambrosia {unknown}
 g - a potion of magic {unknown}
 i - 2 potions of heal wounds {unknown}
 m - 2 potions of curing {unknown}
 p - 2 potions of haste


   Skills:
 + Level 2.7 Fighting
 + Level 3.2 Short Blades
 + Level 2.4 Throwing
 * Level 2.4 Dodging
 + Level 7.7 Stealth
 + Level 0.4 Shields


You had 5 spell levels left.
You didn't know any spells.
Your spell library was empty.

Dungeon Overview and Level Annotations

Branches:
Dungeon (5/15)
 Temple: D:4-7

Altars:
Ashenzari

Annotations:
D:3 Natasha


Innate Abilities, Weirdness & Mutations

You cannot wear most types of armour.
You are very stealthy in the water. (Stealth+)
You are amphibious.
You can wear up to eight rings at the same time.
You can use your tentacles to constrict eight enemies at once.
Your skin changes colour to match your surroundings (Stealth+).
Your rubbery body absorbs attacks. (AC +1, EV +1)


Message History

You hit the ball python.
You kill the ball python!
The giant cockroach barely misses you.
You hit the giant cockroach but do no damage.
You grab the giant cockroach. You squeeze the giant cockroach.
You kill the giant cockroach!
You see here a giant cockroach corpse.
There is a stone staircase leading up here.
You climb upwards.
There is a stone staircase leading down, spattered with blood here.
The kobold throws a poisoned dart.
The poisoned dart barely misses you.
You hit the kobold.
You kill the kobold!
Natasha, Servant of Life and Death comes into view.
Things that are here:
8 poisoned darts; a kobold corpse
There is a stone staircase leading down, spattered with blood here.
Natasha hisses angrily.
Natasha stares at you and mumbles some strange words.
The magic dart hits you! Natasha claws you!
You miss Natasha. Your grab misses Natasha.
Natasha drinks a potion.
Natasha seems to speed up.
You barely miss Natasha. Your grab misses Natasha. Natasha misses you. x2
You hit Natasha but do no damage. You grab Natasha. You constrict Natasha.
Natasha wildly gestures.
Natasha shimmers violently.
Natasha claws you.
You barely miss Natasha.
Natasha is lightly wounded.
You constrict Natasha. Natasha casts a spell at you. The magic dart hits you!
Natasha stares at you and mumbles some strange words.
The magic dart hits you!
* * * LOW HITPOINT WARNING * * *
It was a potion of brilliance.
You feel clever all of a sudden.
You constrict Natasha. Natasha claws you!
You die...

#. # .....
#.## .....
#... #...#
.#####..#
#...#
........#
#...#
#######..
#...# #...
#######...#
#.#..
#.....@...#
#..##.
#.#####h.##
..#.... #
####..#
#.#####. #.
#>....# #. #.
#.#.##.##.####
. ...
#............
###
#.#...(...####
##.#........
##...#.###.


You could see Natasha (fast).

Vanquished Creatures
  3 hounds (D:4)
  An iguana (D:4)
  Terence (D:2)
  4 adders
  2 oozes
  3 adder skeletons (D:2)
  2 worms (D:2)
  A leopard gecko (D:1)
  3 ball pythons
  4 bats
  A bat zombie (D:2)
  3 giant cockroaches
  3 goblins
  2 hobgoblins
  A quokka (D:5)
  9 frilled lizards
  A giant cockroach zombie (D:2)
  A jackal zombie (D:2)
  5 kobolds
  A leopard gecko skeleton (D:2)
  A leopard gecko zombie (D:2)
  A quokka skeleton (D:2)
  6 rats
59 creatures vanquished.

Vanquished Creatures (others)
  8 plants (D:1)
  4 withered plants (D:2)
12 creatures vanquished.

Grand Total: 71 creatures vanquished

Notes
Turn   | Place    | Note
-------+----------+-------------------------------------------
     0 | D:1      | Gaff the Octopode Brigand began the quest for the Orb.
     0 | D:1      | Reached XP level 1. HP: 14/14 MP: 1/1
   592 | D:1      | Reached XP level 2. HP: 8/19 MP: 2/2
   606 | D:1      | Reached skill level 6 in Stealth
  1379 | D:2      | Reached XP level 3. HP: 24/24 MP: 3/3
  1646 | D:2      | Reached XP level 4. HP: 30/30 MP: 4/4
  1654 | D:2      | Noticed Terence
  1678 | D:2      | Killed Terence
  1679 | D:2      | Reached skill level 7 in Stealth
  1989 | D:3      | Reached XP level 5. HP: 27/35 MP: 5/5
  2163 | D:3      | You fall into a shaft and drop 2 floors!
  2163 | D:5      | Entered Level 5 of the Dungeon
  2231 | D:4      | Found a broken altar of Ashenzari.
  2359 | D:4      | Reached XP level 6. HP: 3/41 MP: 6/6
  2992 | D:3      | Noticed Natasha
  3009 | D:3      | Slain by Natasha

Illustrated notes

Levels and vault maps discovered:
D:1:      co_arrival_square_in_a_square_in_a_square, layout_basic,
          minmay_lizard_king
D:2:      layout_rooms, serial_undead, serial_undead_e, serial_undead_f,
          serial_undead_e, serial_undead_d, serial_undead_b, serial_undead_f,
          uniq_terence
D:3:      layout_loops_cross, uniq_natasha
D:4:      layout_gridville, ashenzari_conservatory_becter
D:5:      layout_cave_pools, gammafunk_temple_overflow_pools,
          minmay_temple_entry_slanted

Skill      XL: |  1  2  3  4  5 |
---------------+----------------+-----
Stealth        | 6 7 |  7.7
Dodging        | 2 |  2.4
Short Blades   | 3 |  3.2
Fighting       | |  2.7
Throwing       | |  2.4
Shields        | |  0.4

Action                   |  1- 3 |  4- 6 || total
-------------------------+-------+-------++-------
Melee: Dagger            |    78 |    56 ||   134
       Tentacles         |    12 |     6 ||    18
       Constrict         |    18 |    10 ||    28
Throw: Dart              |     4 |     1 ||     5
  Use: Potion            |       |     1 ||     1
 Stab: Sleeping          |     6 |     7 ||    13
Armor: Skin              |    12 |     4 ||    16
Dodge: Dodged            |    50 |    29 ||    79
Block: Buckler           |     4 |     5 ||     9

Table legend: (Time is in decaauts)
 A = Elapsed time spent in this place.
 B = Non-inter-level travel time spent in this place.
 C = Inter-level travel time spent in this place.
 D = Time resting spent in this place.
 E = Time spent auto-exploring this place.
 F = Levels seen in this place.
 G = Mean time per level.
                   A        B        C        D        E       F      G
               +--------+--------+--------+--------+--------+-----+--------+
         Total |   3002 |   2902 |    100 |   1121 |   1100 |   5 |  600.4 |
       Dungeon |   3002 |   2902 |    100 |   1121 |   1100 |   5 |  600.4 |
               +--------+--------+--------+--------+--------+-----+--------+

Top non-repeatable levels by time:
     D:1: 1221 daAuts
     D:4: 790 daAuts
     D:2: 752 daAuts
     D:3: 215 daAuts
     D:5: 23 daAuts
